 Dungeon Crawl Stone Soup version 0.30.1-11-g7821555f0a (webtiles) character file.

Game seed: 16675226396686772367

21 ChrisAssaf the Stinger (level 3, 2/25 HPs)
             Began as a Human Venom Mage on Dec 26, 2023.
             Quit the game on level 2 of the Dungeon.
             The game lasted 00:01:43 (302 turns).

ChrisAssaf the Stinger (Human Venom Mage)            Turns: 302, Time: 00:01:44

Health: 2/25       AC:  2    Str:  8    XL:     3   Next: 2%
Magic:  3/6        EV: 12    Int: 17    God:
Gold:   38         SH:  0    Dex: 13    Spells: 3/6 levels left

rFire   . . .        (no weapon)
rCold   . . .        (no shield)
rNeg    . . .        a - +0 robe
rPois   .            (no helmet)
rElec   .            (no cloak)
rCorr   .            (no gloves)
SInv    .            (no boots)
Will    .....        (no amulet)
Stlth   ++           (no ring)
HPRegen 0.24/turn    (no ring)
MPRegen 0.10/turn

%: no passive effects
@: lethally poisoned (2 -> -3)
A: no striking features
a: no special abilities


You were on level 2 of the Dungeon.
You visited 1 branch of the dungeon, and saw 2 of its levels.

You collected 38 gold pieces.

Inventory:

Armour
 a - a +0 robe (worn)
Scrolls
 c - a scroll of immolation {unknown}


   Skills:
 * Level 0.3 Fighting
 * Level 0.2 Armour
 * Level 2.1 Dodging
 * Level 2.1 Stealth
 * Level 2.2 Spellcasting
 * Level 1.1 Transmutations
 * Level 3.4 Poison Magic


You had 3 spell levels left.
You knew the following spells:

 Your Spells              Type           Power      Damage    Failure   Level
a - Sting                 Tmut/Pois      36%        1d4       8%          1
b - Poisonous Vapours     Pois/Air       14%        N/A       14%         2

Your spell library contained the following spells:

 Spells                   Type           Power      Damage    Failure   Level
 Mephitic Cloud           Conj/Pois/Air  5%         N/A       34%         3
 Olgreb's Toxic Radiance  Pois           13%        N/A       41%         4


Dungeon Overview and Level Annotations

Branches:
Dungeon (2/15)

Altars:


Message History

Found 8 gold pieces.
Found 4 poisoned darts.
You start resting.
An adder is nearby!
The adder hisses angrily.
Aiming: Poisonous Vapours (safe; 14% risk of failure)
Press: ? - help, Q - select action, (/) - cycle Dir - move target, f - adder
Aim: an adder Poisonous vapours surround the adder!
The adder is poisoned.
Unknown command.
Casting: Poisonous Vapours (safe; 14% risk of failure)
Confirm with . or Enter, or press ? or * to list all spells.
Aiming: Sting (safe; 8% risk of failure)
Press: ? - help, Shift-Dir - straight line, f/p - adder
Aim: an adder (poisoned, 48% to hit)
The sting hits the adder.
The adder looks even sicker.
The adder is heavily wounded.
The adder attacks as you move away! The adder bites you.
The adder closely misses you. The adder attacks as you move away!
The adder bites you but does no damage. The adder bites you.
The adder bites you.
You are poisoned.
The adder poisons you!
An orc comes into view. It is wielding a +0 mace.
You feel sick.
The orc shouts!
You aren't carrying any potions.
Unknown command.
You feel sick. The adder bites you.
* * * LOW HITPOINT WARNING * * *
You are lethally poisoned!
The adder poisons you!
* * * LOW HITPOINT WARNING * * *
You feel sick. The adder attacks as you move away!
The adder closely misses you.
Found a falchion.
* * * LOW HITPOINT WARNING * * *
You feel sick. The adder misses you.
Are you sure you want to abandon this character and quit the game? (Confirm with "yes".)

..#>......#....#
......<...#..#.#........
.....†...#...#.#........
.#.......#...#.#........
##.........##.#........
#.........##.#.......)
#........##..#........
...........##.##........
............o..S@...#
........#..######..##
.......##.## .##
.#.#..#...# ##
...#.##.### ........
..###


You could see an adder (poisoned) and an orc.

Vanquished Creatures
  An adder (D:2)
  A dart slug (D:2)
  An endoplasm (D:1)
  A goblin (D:1)
  A hobgoblin (D:1)
  A quokka (D:1)
  A bat (D:1)
  3 rats
10 creatures vanquished.

Notes
Turn   | Place    | Note
-------+----------+-------------------------------------------
     0 | D:1      | ChrisAssaf the Human Venom Mage began the quest for the
                  | Orb.
     0 | D:1      | Reached XP level 1. HP: 13/13 MP: 3/3
   203 | D:1      | Reached XP level 2. HP: 19/19 MP: 1/5
   206 | D:1      | Learned a level 2 spell: Poisonous Vapours
   276 | D:2      | Reached XP level 3. HP: 14/25 MP: 0/6
   302 | D:2      | Quit the game

Illustrated notes

Levels and vault maps discovered:
D:1:      dreamdust_arrival_beginning_and_end, layout_basic
D:2:      layout_rooms

Action                     || total
---------------------------++-------
   Cast: Sting             ||    13
         Poisonous Vapours ||     3
    Use: Potion            ||     1
 Armour: Robe              ||     5
  Dodge: Dodged            ||    17
